 Dungeon Crawl Stone Soup version 0.28-a0-628-g3c9886e45e (webtiles) character file.

Game seed: 12270018848165193087

154 mordus the Poker (level 5, -13/45 HPs)
             Began as a Hill Orc Monk on Oct 8, 2021.
             Mangled by Menkaure (20 damage)
             ... on level 4 of the Dungeon.
             The game lasted 00:03:57 (3541 turns).

mordus the Poker (Hill Orc Monk)                    Turns: 3541, Time: 00:03:57

Health: -13/45     AC:  5    Str: 15    XL:     5   Next: 36%
Magic:  5/5        EV: 11    Int: 10    God:
Gold:   94         SH:  0    Dex: 13    Spells: 4/4 levels left

rFire   . . .      SeeInvis .   a - +0 spear
rCold   . . .      Faith    .   (no shield)
rNeg    . . .      Spirit   .   h - +0 ring mail
rPois   .          Reflect  .   (no helmet)
rElec   .          Harm     .   (no cloak)
rCorr   .          Rampage  .   (no gloves)
Will    .....                   (no boots)
Stlth   +.........              (no amulet)
HPRegen 0.15/turn               (no ring)
MPRegen 0.09/turn               (no ring)

@: no status effects
A: no striking features
a: no special abilities


You were on level 4 of the Dungeon.
You visited 1 branch of the dungeon, and saw 4 of its levels.

You collected 94 gold pieces.

Inventory:

Hand Weapons
 a - a +0 spear (weapon)
Armour
 b - a +0 robe
 d - a +0 chain mail
 h - a +0 ring mail (worn)
Jewellery
 n - an amulet of regeneration
Scrolls
 e - a scroll of identify {unknown}
 f - 2 scrolls of brand weapon {unknown}
 i - 2 scrolls of vulnerability {unknown}
 j - 2 scrolls of immolation {unknown}
 k - a scroll of enchant weapon {unknown}
 l - a scroll of noise {unknown}
 q - 3 scrolls of teleportation {unknown}
Potions
 c - 2 potions of might {unknown}
 g - 2 potions of heal wounds {unknown}
 m - a potion of lignification {unknown}
 o - a potion of brilliance {unknown}
 p - a potion of curing {unknown}
 r - 2 potions of attraction {unknown}


   Skills:
 - Level 3.6 Fighting
 * Level 5.6 Polearms
 + Level 2.7 Armour
 - Level 2.4 Dodging
 - Level 1.5 Stealth


You had 4 spell levels left.
You didn't know any spells.
Your spell library contained the following spells:

 Spells                   Type           Power      Damage    Failure   Level
 Sandblast                Erth           0%         2d4       58%         1
 Passwall                 Tmut/Erth      0%         N/A       73%         2
 Ozocubu's Armour         Ice            0%         N/A       91%         3
 Stone Arrow              Conj/Erth      0%         3d7       91%         3
 Metabolic Englaciation   Hex/Ice        0%         N/A       100%        5
 Simulacrum               Ice/Necr       0%         N/A       100%        6


Dungeon Overview and Level Annotations

Branches:
Dungeon (4/15)
 Temple: D:4-7

Altars:

Annotations:
D:4 Menkaure


Message History

There is a stone staircase leading up here.
Menkaure is nearby!
Menkaure is nearby!
You hit Menkaure.
Menkaure is lightly damaged.
Menkaure hits you!
You hit Menkaure.
Menkaure is moderately damaged.
You hit Menkaure but do no damage.
Menkaure is moderately damaged.
Menkaure mumbles some strange words.
Menkaure seems to speed up.
You barely miss Menkaure.
Menkaure is moderately damaged.
Menkaure casts a spell at you. Pain shoots through your body!
You are too injured to fight recklessly!
You are too injured to fight recklessly!
You are too injured to fight recklessly!
You are too injured to fight recklessly!
You hit Menkaure but do no damage.
Menkaure is moderately damaged.
Menkaure closely misses you.
You barely miss Menkaure.
Menkaure is moderately damaged.
Menkaure calls on the powers of darkness!
Your body is wracked with pain!
* * * LOW HITPOINT WARNING * * *
You hit Menkaure.
Menkaure is heavily damaged.
Menkaure hits you.
* * * LOW HITPOINT WARNING * * *
You hit Menkaure.
Menkaure is heavily damaged.
Menkaure hits you.
* * * LOW HITPOINT WARNING * * *
You hit Menkaure but do no damage.
Menkaure is heavily damaged.
Menkaure hits you!!
You die...

# .#
#####+#.#
#.......#
+..!....#
#..M....#
#..@....#
+.......#
#...<..##
########


You could see Menkaure (fast).

Vanquished Creatures
  Natasha (thrice) (D:2)
  An adder (D:3)
  A dart slug (D:1)
  4 orcs (D:3)
  4 endoplasms
  3 giant cockroaches
  8 goblins
  8 hobgoblins
  4 quokkas
  3 ball pythons
  6 bats
  2 frilled lizards
  10 kobolds
  3 rats
60 creatures vanquished.

Notes
Turn   | Place    | Note
-------+----------+-------------------------------------------
     0 | D:1      | mordus the Hill Orc Monk began the quest for the Orb.
     0 | D:1      | Reached XP level 1. HP: 19/19 MP: 1/1
     0 | D:1      | Noticed a minotaur zombie
     1 | D:1      | Noticed a formicid
     8 | D:1      | Noticed a tengu
    11 | D:1      | Noticed a demonspawn zombie
    21 | D:1      | Noticed a formicid
    21 | D:1      | Noticed a draconian
   485 | D:1      | Reached XP level 2. HP: 26/26 MP: 2/2
   700 | D:1      | Reached skill level 1 in Armour
   714 | D:1      | Found a faded altar of an unknown god.
   825 | D:1      | Reached skill level 4 in Polearms
   966 | D:1      | Reached XP level 3. HP: 31/31 MP: 3/3
  1508 | D:2      | Noticed Natasha
  1679 | D:2      | Killed Natasha
  1690 | D:2      | Reached XP level 4. HP: 4/39 MP: 4/4
  1749 | D:2      | Noticed Natasha
  2005 | D:2      | Killed Natasha
  2006 | D:2      | Reached skill level 5 in Polearms
  2010 | D:2      | Noticed Natasha
  2076 | D:2      | Killed Natasha
  2350 | D:2      | Reached XP level 5. HP: 45/45 MP: 5/5
  3530 | D:4      | Noticed Menkaure
  3541 | D:4      | Mangled by Menkaure

Illustrated notes

Levels and vault maps discovered:
D:1:      shiori_arrival_whats_in_store_for_you, layout_basic,
          shapermc_ecumenical_altar_pompeii, serial_aquarium,
          aquarium_bridge_square [aquarium_subvault_bridge,
          aquarium_subvault_bridge, aquarium_subvault_bridge,
          aquarium_subvault_window], aquarium_window_1, aquarium_window_1,
          aquarium_window_3, aquarium_view_2e, aquarium_balcony_5b
D:2:      layout_rooms, palyth_stone_intersect, uniq_natasha
D:3:      corexii_shack_village, layout_basic
D:4:      layout_basic, minmay_temple_entry_large_hall, uniq_duvessa,
          uniq_menkaure, uniq_grinder, uniq_crazy_yiuf_cottage

Skill      XL: |  1  2  3  4 |
---------------+-------------+-----
Armour         | 1 2 |  2.7
Polearms       | 4 5 |  5.6
Fighting       | |  3.6
Dodging        | |  2.4
Stealth        | |  1.5

Action                   |  1- 3 |  4- 6 || total
-------------------------+-------+-------++-------
Melee: Spear             |   139 |   155 ||   294
 Stab: Sleeping          |       |     1 ||     1
Armor: Robe              |     3 |       ||     3
       Chain mail        |    29 |       ||    29
       Ring mail         |    24 |    23 ||    47
Dodge: Dodged            |    49 |    46 ||    95

Table legend: (Time is in decaauts)
 A = Elapsed time spent in this place.
 B = Non-inter-level travel time spent in this place.
 C = Inter-level travel time spent in this place.
 D = Time resting spent in this place.
 E = Time spent auto-exploring this place.
 F = Levels seen in this place.
 G = Mean time per level.
                   A        B        C        D        E       F      G
               +--------+--------+--------+--------+--------+-----+--------+
         Total |   3515 |   3480 |     35 |    827 |   2109 |   4 |  878.8 |
       Dungeon |   3515 |   3480 |     35 |    827 |   2109 |   4 |  878.8 |
               +--------+--------+--------+--------+--------+-----+--------+

Top non-repeatable levels by time:
     D:1: 1791 daAuts
     D:3: 953 daAuts
     D:2: 761 daAuts
     D:4: 9 daAuts
